AoeStats
← Onex119

Arena

509601276Analyzed
1v1 RM · 4d ago on Sep 27, 2026· 67m 20s· 2 players
Game mode
Random Map
Map size
Tiny (2 player)
Population
200
Speed
Normal
Resources
Standard
Victory
Conquest
Starting age
Dark Age
Ending age
Imperial Age
RankedLock teamsTeams togetherTeam positionsShared explorationLock speedFull tech treeHidden civsTurbo modeCheats
Victory
Defeat
🇸🇮 Inca · Slovenia
807
+15
🇷🇴 Bohemians · Romania
792
-15
Onex119
12:21 Feudal Age
16:26 Castle Age
14:23 Horse Collar
14:43 Double-Bit Axe
19:03 Light Cavalry
21:15 Bow Saw
21:54 Heavy Plow
29:29 Imperial Age
28:00 Ballistics
27:50 Loom
28:41 Wheelbarrow
29:26 Chemistry
30:19 Masonry
30:13 Fletching
30:24 Padded Archer Armor
31:05 Siege Engineers
31:50 Bodkin Arrow
32:41 Conscription
32:50 Leather Archer Armor
34:35 Two-Man Saw
36:46 Ring Archer Armor
36:17 Bracer
36:34 Hussite Reforms
36:42 Wagenburg Tactics
37:39 Hand Cart
37:49 Murder Holes
40:42 Fervor
40:58 Sanctity
44:37 Houfnice
55:22 Husbandry
54:43 Cavalier
55:46 Forging
55:42 Scale Barding Armor
57:01 Fortified Wall
Franchesko
0:43 Loom
11:48 Feudal Age
17:35 Castle Age
15:25 Horse Collar
16:43 Double-Bit Axe
24:06 Wheelbarrow
23:17 Town Watch
26:23 Imperial Age
25:58 Heavy Plow
26:24 Bow Saw
26:26 Scale Mail Armor
26:27 Padded Archer Armor
26:41 Stone Mining
26:44 Gold Mining
27:11 Forging
28:29 Crop Rotation
30:01 Gold Shaft Mining
30:06 Stone Shaft Mining
29:52 Leather Archer Armor
29:27 Fletching
31:42 Hand Cart
32:01 Chain Mail Armor
31:38 Fletching
33:44 Chemistry
32:54 Masonry
33:35 Plate Mail Armor
34:14 Hoardings
34:01 Conscription
34:44 Iron Casting
34:08 Bodkin Arrow
34:49 Iron Casting
35:04 Ring Archer Armor
34:46 Champi Runner
35:28 Squires
35:15 Pikeman
36:44 Arson
37:52 Town Patrol
38:34 Champi Warrior
38:51 Halberdier
39:43 Siege Engineers
40:01 Ballistics
39:37 Murder Holes
39:23 Treadmill Crane
39:37 Elite Champi Warrior
40:09 Elite Skirmisher
42:02 Fabric Shields
42:04 Andean Sling
44:18 Blast Furnace
43:19 Bracer
47:37 Bracer
61:05 Sappers
Connection lost

Rejoining the realm…

Still unreachable

The connection could not be restored.

Session expired

The server has moved on; the page needs a fresh start.